 Dungeon Crawl Stone Soup version 0.24.1-14-gf8d2b509d9 (webtiles) character file.

Game seed: 13300757739104941999, levelgen mode: deterministic

119933 TittyCrusher the Stormcaller (level 16, -13/96 HPs)
             Began as a Tengu Air Elementalist on June 26, 2022.
             Was the Champion of Vehumet.
             Mangled by a merfolk impaler
             ... wielding a +3 trident of piercing
              (29 damage)
             ... on level 3 of the Shoals.
             The game lasted 02:04:36 (31512 turns).

TittyCrusher the Stormcaller (TeAE)                Turns: 31512, Time: 02:04:36

Health: -13/96     AC:  7    Str: 16    XL:     16   Next: 80%
Magic:  6/35       EV: 22    Int: 21    God:    Vehumet [******]
Gold:   1230       SH:  6    Dex: 16    Spells: 0/44 levels left

rFire    + . .     SeeInvis +   a - staff of air
rCold    + . .     Gourm    .   q - +1 buckler
rNeg     . . .     Faith    .   C - +2 robe {Archmagi}
rPois    +         Spirit   .   Q - +1 hat {MR+}
rElec    +         Reflect  .   o - +0 cloak
rCorr    .         Harm     .   L - +0 pair of gloves
MR       ++++.                  (boots unavailable)
Stlth    ++........             J - amulet of regeneration
HPRegen  0.66/turn              d - ring of the Countless Realms {Dex+2 SInv}
MPRegen  0.24/turn              Y - ring of Fuadeum {rPois rF+ MR+ Str+5 SInv}

@: flying quickly and evasively, deflect missiles, quick
A: beak, horns 1, talons 3, cold resistance 1, magic resistance 1, able to fly
a: Stop Flying, Renounce Religion


You were on level 3 of the Shoals.
You worshipped Vehumet.
Vehumet was exalted by your worship.
You were not hungry.

You visited 5 branches of the dungeon, and saw 27 of its levels.
You visited 1 bazaar.
You also visited: Ossuary.

You collected 2685 gold pieces.
You spent 1455 gold pieces at shops.

Inventory:

Hand Weapons
 b - a +2 whip of freezing
 e - a cursed +3 trident of flaming
Missiles
 r - 3 throwing nets (quivered)
 u - 7 datura-tipped darts
Armour
 o - a +0 cloak (worn)
 q - a +1 buckler (worn)
 C - a +2 robe of the Archmagi (worn)
 L - a +0 pair of gloves (worn)
 Q - a +1 hat of magic resistance (worn)
Magical Staves
 a - an uncursed staff of air (weapon)
 j - an uncursed staff of wizardry
 U - an uncursed staff of energy
Jewellery
 d - the ring of the Countless Realms (left hand) {Dex+2 SInv}
   (You acquired it on level 4 of the Lair of Beasts)

   [ring of see invisible]

   It affects your dexterity (+2).
   It lets you see invisible.
 t - an uncursed ring of fire
 w - the amulet of Litianne {Acrobat rF- rC+ Int+3 Stlth+}
   (You found it on level 1 of the Orcish Mines)

   [amulet of the acrobat]

   It helps you evade while moving and waiting.
   It affects your intelligence (+3).
   It makes you vulnerable to fire.
   It protects you from cold.
   It makes you more stealthy.
 y - the amulet "Zastra" {Acrobat rElec Dex+5}
   (You acquired it on level 4 of the Lair of Beasts)

   [amulet of the acrobat]

   It helps you evade while moving and waiting.
   It affects your dexterity (+5).
   It insulates you from electricity.
 B - an uncursed ring of fire
 F - the amulet "Builugux" {MR++ Regen+ Dex-5 Slay+6}
   (You found it on level 6 of the Lair of Beasts)

   [amulet of regeneration]

   It affects your dexterity (-5).
   It affects your accuracy and damage with ranged weapons and melee attacks
   (+6).
   It affects your resistance to hostile enchantments.
   It increases your rate of regeneration.
 J - an amulet of regeneration (around neck)
 N - an uncursed ring of magical power
 S - an uncursed ring of poison resistance
 Y - the ring of Fuadeum (right hand) {rPois rF+ MR+ Str+5 SInv}
   (You found it on level 6 of the Lair of Beasts)

   [ring of strength]

   It affects your strength (+5).
   It protects you from fire.
   It protects you from poison.
   It affects your resistance to hostile enchantments.
   It lets you see invisible.
Wands
 c - a wand of polymorph (7)
 h - a wand of digging (11)
 k - a wand of flame (41)
 D - a wand of disintegration (16)
 E - a wand of random effects (42)
 W - a wand of enslavement (9)
Scrolls
 f - a scroll of holy word
 i - a scroll of amnesia
 l - 7 scrolls of remove curse
 m - a scroll of random uselessness
 x - a scroll of immolation
 A - a scroll of summoning
 G - 2 scrolls of fog
 O - 3 scrolls of magic mapping
 P - 6 scrolls of teleportation
 R - 3 scrolls of enchant weapon
Potions
 g - 2 potions of lignification
 n - 3 potions of might
 p - 4 potions of brilliance
 s - 11 potions of curing
 v - a potion of ambrosia
 z - a potion of magic
 H - a potion of invisibility
 I - 7 potions of mutation
 M - 2 potions of resistance
 T - 4 potions of haste
 V - a potion of cancellation
 Z - 3 potions of agility
Comestibles
 K - 33 rations


   Skills:
 - Level 9.4 Fighting
 - Level 9.6 Staves
 - Level 8.9 Dodging
 - Level 2.0 Stealth
 - Level 3.3 Shields
 - Level 14.8 Spellcasting
 - Level 9.0 Conjurations
 - Level 4.8 Charms
 - Level 7.1 Necromancy
 - Level 3.0 Translocations
 - Level 5.4 Ice Magic
 + Level 18.6 Air Magic


You couldn't memorise any spells.
You knew the following spells:

 Your Spells              Type           Power        Failure   Level  Hunger
a - Song of Slaying       Chrm           ######..     1%          2    None
b - Static Discharge      Conj/Air       ########     1%          3    None
c - Airstrike             Air            ########..   0%          4    None
d - Lightning Bolt        Conj/Air       ########..   1%          5    ###....
e - Iskenderun's Battles  Conj/Chrm      ######..     1%          5    ###....
f - Blink                 Tloc           N/A          1%          2    None
g - Passwall              Tmut/Erth      ###.....     6%          2    None
h - Regeneration          Chrm/Necr      ######....   1%          3    None
i - Deflect Missiles      Chrm/Air       #######...   5%          6    #####..
j - Freezing Cloud        Conj/Ice/Air   #######...   1%          6    #####..
k - Conjure Ball Lightni  Conj/Air       ########..   1%          6    #####..

Your spell library contained the following spells:

 Spells                   Type           Power        Failure   Level  Hunger
 Bolt of Fire             Conj/Fire      ######....   26%         6    #####..
 Shock                    Conj/Air       ####         0%          1    None
 Animate Skeleton         Necr           N/A          1%          1    None
 Infusion                 Chrm           ####         1%          1    None
 Magic Dart               Conj           ####         1%          1    None
 Pain                     Necr           ####         1%          1    None
 Sandblast                Erth           ###...       1%          1    None
 Poisonous Vapours        Pois/Air       ######       1%          2    None
 Shroud of Golubria       Chrm/Tloc      #####.       1%          2    None
 Swiftness                Chrm/Air       #######.     1%          2    None
 Conjure Flame            Conj/Fire      ######..     1%          3    None
 Mephitic Cloud           Conj/Pois/Air  #######.     1%          3    None
 Stone Arrow              Conj/Erth      ######       1%          3    None
 Vampiric Draining        Necr           ######....   1%          3    None
 Animate Dead             Necr           N/A          2%          4    None
 Silence                  Hex/Air        #######...   2%          5    ###....
 Gell's Gravitas          Tloc           #####.....   3%          3    None
 Beastly Appendage        Tmut           ###...       4%          1    None
 Confusing Touch          Hex            ###...       4%          1    None
 Summon Butterflies       Summ           ###.....     4%          1    None
 Spectral Weapon          Hex/Chrm       #####...     4%          3    None
 Venom Bolt               Conj/Pois      ######....   5%          5    ###....
 Call Imp                 Summ           ###.....     6%          2    None
 Slow                     Hex            ###.....     6%          2    None
 Sticks to Snakes         Tmut           ###.....     6%          2    None
 Bolt of Magma            Conj/Fire/Erth #####.....   10%         5    ###....
 Call Canine Familiar     Summ           ###.....     13%         3    None
 Confuse                  Hex            ###.....     13%         3    None
 Spider Form              Tmut/Pois      ###.......   13%         3    None
 Ice Form                 Ice/Tmut       #####...     14%         4    None
 Summon Ice Beast         Ice/Summ       #####...     14%         4    None
 Orb of Destruction       Conj           ######....   22%         7    ######.
 Iron Shot                Conj/Erth      ######....   26%         6    #####..
 Lee's Rapid Deconstruct  Erth           ###.......   28%         5    ###....
 Yara's Violent Unravell  Hex/Tmut       ###.......   28%         5    ###....
 Metabolic Englaciation   Hex/Ice        #####.....   36%         5    ###....
 Cause Fear               Hex            ###.......   38%         4    None
 Petrify                  Tmut/Erth      ###.....     38%         4    None
 Tornado                  Air            ########..   45%         9    #######
 Blade Hands              Tmut           ###.......   75%         5    ###....
 Summon Mana Viper        Hex/Summ       ###.....     75%         5    ###....
 Spellforged Servitor     Conj/Summ      ######....   78%         7    ######.
 Ring of Flames           Chrm/Fire      #####.....   100%        7    ######.
 Summon Hydra             Summ           ###.......   100%        7    ######.
 Discord                  Hex            ###.......   100%        8    #######
 Ignition                 Fire           ###.......   100%        8    #######
 Shatter                  Erth           ###.......   100%        9    #######


Dungeon Overview and Level Annotations

Branches:
Dungeon (15/15)            Temple (1/1) D:7            Lair (6/6) D:11
 Shoals (3/4) Lair:3       Spider (0/4) Lair:4        Slime (0/5) Lair:5
    Orc (2/2) D:10            Elf (0/3) Orc:2        Vaults (0/5) D:13
 Depths (0/5) D:15        Ossuary (visited)

Altars:
Dithmenos
Elyvilon
Fedhas
Hepliaklqana
Kikubaaqudgha
Makhleb
Okawaru
Sif Muna
Trog
Uskayaw
Vehumet
Xom
The Shining One
Jiyva

Shops:
D:11 !   D:12 *   D:13 }   Orc:2 *%=%   Shoals:2 *

Annotations:
D:12 2 transporters, Xqipyl's ghost, journeyman GrFE
Orc:1 2 transporters, HyperDromedary's ghost, journeyman NaSk


Innate Abilities, Weirdness & Mutations

You have a beak for a mouth.
You have claws for feet.
You can fly continuously.
You have a pair of small horns on your head.
Your flesh is cold resistant. (rC+)
You are resistant to hostile enchantments. (MR+)


Message History

The bolt of lightning hits the merfolk impaler!
The merfolk impaler is moderately wounded.
You hear a shout!
You block the sea snake's attack.
Unknown command.
Unknown command.
Casting: Lightning Bolt (safe; 1% risk of failure)
Confirm with . or Enter, or press ? or * to list all spells.
Aiming: Lightning Bolt (safe; 1% risk of failure)
Press: ? - help, Shift-Dir - straight line You feel a strong surge of power!
You hear a mighty clap of thunder!
The bolt of lightning misses the sea snake.
The bolt of lightning hits the merfolk impaler!!
The merfolk impaler is heavily wounded.
You hear a shout!
The sea snake bites you!!
* * * LOW HITPOINT WARNING * * *
The merfolk impaler hits you from afar with a +3 trident of piercing!!
You die...

≈ ≈≈≈≈≈≈≈≈≈≈≈≈≈≈≈
≈≈≈≈≈≈≈≈≈≈≈≈≈≈≈≈≈≈≈≈≈≈≈≈
≈≈≈≈≈≈≈≈≈≈≈≈≈≈≈≈≈≈≈≈≈≈≈≈
≈≈≈≈≈≈≈≈≈≈≈≈≈≈≈≈≈≈≈≈≈≈≈≈
≈≈≈≈≈≈≈≈≈≈≈≈≈≈≈≈≈≈≈≈≈≈≈≈
≈≈≈≈≈≈≈≈≈≈≈≈≈≈≈≈≈≈≈≈≈≈≈≈
≈≈≈≈≈≈≈≈≈≈≈≈≈≈≈≈≈≈≈≈≈≈≈≈
≈≈≈≈≈≈≈≈≈≈≈≈≈≈mS@≈≈≈≈≈≈≈
≈≈≈≈≈≈≈≈≈≈≈≈≈≈≈≈≈≈≈≈≈≈≈≈
≈≈≈≈≈≈≈≈≈≈≈≈≈≈≈≈≈≈≈≈≈≈≈≈
≈≈≈≈≈≈≈≈≈≈≈≈§≈≈≈≈≈≈≈≈≈≈≈
≈≈≈≈≈≈≈≈≈≈≈≈≈≈≈≈≈≈≈≈≈≈≈≈
≈≈≈≈≈≈≈≈≈≈≈≈≈≈≈≈≈≈≈≈≈≈≈≈
≈≈≈≈≈≈≈≈≈≈≈≈≈≈≈≈≈≈..≈≈≈.
≈≈≈≈≈≈≈≈≈≈≈≈≈≈≈≈≈≈......
≈≈≈≈≈≈≈≈≈≈≈≈≈≈≈≈≈....


You could see a merfolk impaler and a sea snake.

Vanquished Creatures
  Rupert (Lair:6)
  A sphinx (D:11)
  A tengu reaver (D:11)
  A fire giant (D:11)
  2 orc warlords (Orc:1)
  5 dire elephants (Lair:6)
  A merfolk javelineer (Shoals:2)
  A merfolk impaler (Shoals:1)
  3 hydras
  8 vault guards (D:13)
  2 ice dragons (D:15)
  Harold (D:8)
  3 ogre magi
  An alligator snapping turtle (Shoals:2)
  A catoblepas (Lair:3)
  A merfolk avatar (Shoals:2)
  A centaur warrior (D:13)
  An anaconda (Lair:6)
  15 two-headed ogres
  2 tengu warriors (D:15)
  Erica (Lair:1)
  A skeletal warrior (D:11)
  2 flayed ghosts (D:11)
  5 sea snakes
  2 deep trolls (Orc:2)
  2 unseen horrors
  Pikel (D:5)
  2 orc knights (Orc:1)
  A phantasmal warrior (D:11)
  5 manticores
  A deep elf mage (D:14)
  4 orc sorcerers
  An ugly thing (D:11)
  13 fauns
  4 oklob plants (Lair:3)
  6 cyclopes
  A water nymph (Shoals:2)
  3 merfolk sirens
  4 elephants (Lair:6)
  5 black mambas
  3 gargoyles
  5 centaur skeletons
  11 spiny frogs
  3 kobold demonologists (D:11)
  A rime drake (Lair:6)
  2 efreet
  2 komodo dragons (Lair:1)
  A redback zombie (D:15)
  A queen bee (D:15)
  15 trolls
  6 meliai
  4 wind drakes
  5 hornets
  2 polar bears (Lair:2)
  A wolf spider simulacrum (D:15)
  12 merfolk
  19 hippogriffs
  9 blink frogs
  4 snapping turtles
  5 slime creatures (D:14)
  10 dream sheep
  2 meliai zombies
  12 spriggans (Lair:4)
  A vampire (D:15)
  A tarantella (shapeshifter) (D:15)
  A redback (Lair:4)
  A water elemental (Shoals:1)
  2 shadows
  3 wyverns
  7 basilisks
  3 hungry ghosts
  30 yaks
  A redback simulacrum (D:15)
  3 vampire mosquitoes (D:12)
  Menkaure (D:5)
  4 wargs (Orc:1)
  2 acid dragons
  8 water moccasins
  A floating eye (Lair:3)
  10 porcupines
  27 orc warriors
  3 ice beasts
  2 sky beasts
  2 black bears
  3 eyes of draining
  3 phantoms
  32 ogres
  3 boggarts (Lair:4)
  13 wolves
  9 centaurs
  10 crocodiles
  Blork the orc (D:6)
  7 big kobolds
  2 earth elementals
  17 bullfrogs
  A wyvern skeleton (D:11)
  2 scorpions
  3 wights (D:11)
  30 killer bees
  2 howler monkeys (D:11)
  4 electric eels (Lair:3)
  3 crimson imps
  8 centaur zombies
  4 quasits
  2 bullfrog skeletons
  A jelly (D:8)
  4 hounds
  21 orc priests
  21 orc wizards
  2 iguanas
  8 worker ants
  A big kobold zombie (Ossuary)
  A hound zombie (D:6)
  2 hound skeletons
  5 mummies (Ossuary)
  10 adders
  6 gnolls
  7 shadow imps
  2 oozes (D:1)
  3 adder skeletons (D:9)
  2 dart slugs
  7 leopard geckos
  90 orcs
  7 giant cockroaches
  4 goblins
  4 hobgoblins
  2 jackals (D:2)
  18 kobolds
  4 quokkas
  10 bats
  5 frilled lizards
  2 hobgoblin zombies (Ossuary)
  2 leopard gecko skeletons
  8 rats
  17 plants
799 creatures vanquished.

Vanquished Creatures (others)
  A two-headed ogre (Orc:2)
  115 ball lightnings
  A slave (D:5)
  An adder skeleton (D:5)
  6 fungi
  2 plants
126 creatures vanquished.

Grand Total: 925 creatures vanquished

Notes
Turn   | Place    | Note
-------+----------+-------------------------------------------
     0 | D:1      | TittyCrusher the Tengu Air Elementalist began the quest for
                  | the Orb.
     0 | D:1      | Reached XP level 1. HP: 10/10 MP: 4/4
   342 | D:1      | Reached XP level 2. HP: 8/15 MP: 3/6
   893 | D:1      | Reached XP level 3. HP: 19/19 MP: 3/8
   944 | D:1      | Learned a level 3 spell: Static Discharge
  1889 | D:2      | Noticed a +0 dagger
  1890 | D:2      | Noticed a +0 hand axe
  2058 | D:2      | Reached XP level 4. HP: 20/24 MP: 0/10
  2442 | D:2      | Found a shimmering altar of Xom.
  2564 | D:2      | Found a hide-covered altar of Uskayaw.
  2631 | D:2      | Found a blossoming altar of Fedhas.
  2631 | D:2      | Found an ancient bone altar of Kikubaaqudgha.
  2661 | D:2      | Learned a level 4 spell: Airstrike
  2720 | D:3      | Found a blossoming altar of Fedhas.
  2734 | D:2      | Found a glowing golden altar of the Shining One.
  3173 | D:3      | Gained mutation: You can fly continuously. [Tengu growth]
  3173 | D:3      | Reached XP level 5. HP: 28/28 MP: 1/12
  3621 | D:4      | Reached skill level 1 in Shields
  3805 | D:4      | Reached XP level 6. HP: 23/32 MP: 2/13
  4132 | D:4      | Found an iron altar of Okawaru.
  4304 | D:4      | Found a shadowy altar of Dithmenos.
  4658 | D:5      | Entered Level 5 of the Dungeon
  4658 | D:5      | Found a bloodstained altar of Trog.
  4809 | D:5      | Found a hazy altar of Hepliaklqana.
  5066 | D:5      | Noticed Menkaure
  5074 | D:5      | Killed Menkaure
  5074 | D:5      | Reached skill level 5 in Conjurations
  5117 | D:5      | Noticed a slave
  5121 | D:5      | Learned a level 5 spell: Lightning Bolt
  5125 | D:5      | Noticed a slave
  5127 | D:5      | Noticed a slave
  5127 | D:5      | Noticed Pikel
  5146 | D:5      | Noticed a slave
  5154 | D:5      | Killed Pikel
  5154 | D:5      | Reached XP level 7. HP: 32/36 MP: 2/17
  5154 | D:5      | Reached XP level 8. HP: 36/41 MP: 2/18
  5478 | D:6      | Found a sand-covered staircase.
  5483 | Ossuary  | Entered an ossuary
  5984 | D:6      | Noticed Blork the orc
  6132 | D:6      | Killed Blork the orc
  6506 | D:6      | Reached skill level 5 in Air Magic
  6716 | D:6      | Found a blossoming altar of Fedhas.
  6718 | D:6      | Found an ancient bone altar of Kikubaaqudgha.
  6718 | D:6      | Found a sacrificial altar of Ru.
  6724 | D:6      | Found a shimmering altar of Xom.
  6724 | D:6      | Found a snail-covered altar of Cheibriados.
  6724 | D:6      | Found a glowing golden altar of the Shining One.
  6860 | D:7      | Reached skill level 6 in Air Magic
  6860 | D:7      | Reached XP level 9. HP: 45/45 MP: 9/22
  6943 | D:7      | Reached skill level 7 in Air Magic
  7078 | D:7      | Found a staircase to the Ecumenical Temple.
  7084 | Temple   | Entered the Ecumenical Temple
  7087 | Temple   | Became a worshipper of Vehumet
  7310 | D:7      | Reached skill level 8 in Air Magic
  7320 | D:7      | Noticed a two-headed ogre
  7506 | D:8      | Noticed Harold
  7675 | D:7      | Reached skill level 9 in Air Magic
  7722 | D:7      | Found a hazy altar of Hepliaklqana.
  8232 | D:7      | Reached skill level 10 in Air Magic
  8478 | D:8      | Killed Harold
  8478 | D:8      | Reached skill level 11 in Air Magic
  8478 | D:8      | Reached XP level 10. HP: 34/50 MP: 16/23
  8641 | D:8      | Gained mutation: You are resistant to hostile enchantments.
                  | (MR+) [potion of mutation]
  8641 | D:8      | Gained mutation: Your flesh is cold resistant. (rC+)
                  | [potion of mutation]
  8641 | D:8      | Gained mutation: You have a pair of small horns on your
                  | head. [potion of mutation]
  8667 | D:8      | You are sucked into a shaft and drop 3 floors!
  8675 | D:10     | Entered Level 10 of the Dungeon
  8696 | D:10     | Noticed a two-headed ogre
  8705 | D:10     | Killed a two-headed ogre
  8705 | D:10     | Reached skill level 12 in Air Magic
  8920 | D:11     | Noticed a kobold demonologist
  8921 | D:11     | Noticed a kobold demonologist
  8932 | D:11     | Noticed a cyclops
  8941 | D:11     | Noticed a rust devil
  8946 | D:11     | Noticed a sixfirhy
  9008 | D:11     | Found Lyotesh's Distillery.
  9204 | D:11     | Bought a potion of brilliance for 56 gold pieces
  9204 | D:11     | Bought a potion of curing for 42 gold pieces
  9204 | D:11     | Bought a potion of curing for 42 gold pieces
  9204 | D:11     | Bought a potion of magic for 112 gold pieces
  9204 | D:11     | Bought a potion of curing for 42 gold pieces
  9204 | D:11     | Bought a potion of agility for 56 gold pieces
  9204 | D:11     | Bought a potion of brilliance for 56 gold pieces
  9210 | D:11     | Learned a level 5 spell: Iskenderun's Battlesphere
  9269 | D:11     | Reached * piety under Vehumet
  9269 | D:11     | Offered knowledge of Magic Dart by Vehumet.
  9515 | D:11     | Reached skill level 5 in Dodging
 10220 | D:10     | Noticed Sonja
 10472 | D:10     | Noticed Sonja
 10472 | D:10     | Sonja changed into Sonja the yak
 10478 | D:10     | Killed Sonja the yak
 10615 | D:10     | Reached skill level 1 in Charms
 10706 | D:10     | Offered knowledge of Freeze by Vehumet.
 10944 | D:10     | Reached ** piety under Vehumet
 11203 | D:10     | Reached XP level 11. HP: 47/54 MP: 19/24
 11377 | D:9      | Found a shimmering blue altar of Sif Muna.
 11377 | D:9      | Found a burning altar of Makhleb.
 11497 | D:9      | Offered knowledge of Dazzling Spray by Vehumet.
 11663 | D:8      | Reached *** piety under Vehumet
 11880 | D:8      | Reached skill level 1 in Fighting
 12286 | D:8      | Killed an unseen horror
 12783 | D:9      | Learned a level 2 spell: Blink
 12786 | D:9      | Learned a level 2 spell: Passwall
 12804 | D:9      | Reached skill level 1 in Translocations
 13220 | D:10     | Offered knowledge of Sticky Flame by Vehumet.
 13226 | D:10     | Learned a level 4 spell: Sticky Flame
 13439 | D:10     | Found a staircase to the Orcish Mines.
 13741 | D:11     | Reached skill level 1 in Staves
 13767 | D:11     | Found a staircase to the Lair.
 13908 | D:11     | Noticed a flayed ghost
 13913 | D:11     | Killed a flayed ghost
 13913 | D:11     | Reached **** piety under Vehumet
 14016 | D:11     | Noticed a sphinx
 14026 | D:11     | Killed a sphinx
 14131 | D:11     | Noticed a phantasmal warrior
 14136 | D:11     | Killed a phantasmal warrior
 14136 | D:11     | Reached XP level 12. HP: 66/66 MP: 6/25
 14290 | D:11     | Identified the cursed +0 chain mail "Isezxof" {-Cast
                  | *Corrode MP+9 Stlth+}
 14444 | Lair:1   | Entered Level 1 of the Lair of Beasts
 14998 | Lair:1   | Offered knowledge of Inner Flame by Vehumet.
 15372 | Lair:1   | Learned a level 2 spell: Song of Slaying
 15462 | Lair:1   | Noticed Erica
 15495 | Lair:1   | Killed Erica
 16342 | Lair:2   | Reached skill level 10 in Spellcasting
 16367 | Lair:2   | Identified a scroll of acquirement
 16836 | Lair:2   | Reached ***** piety under Vehumet
 16871 | Lair:2   | Offered knowledge of Force Lance by Vehumet.
 17097 | Lair:2   | Learned a level 3 spell: Mephitic Cloud
 17111 | Lair:3   | Reached XP level 13. HP: 63/70 MP: 26/29
 17442 | Lair:3   | Found a staircase to the Shoals.
 18422 | Lair:4   | Found a hole to the Spider Nest.
 19608 | D:11     | Noticed a tengu reaver
 19626 | D:11     | Killed a tengu reaver
 19663 | D:11     | Noticed a fire giant
 19780 | D:11     | Killed a fire giant
 19780 | D:11     | Reached skill level 5 in Fighting
 19894 | D:11     | Reached XP level 14. HP: 63/78 MP: 23/33
 20283 | D:11     | Learned a level 6 spell: Freezing Cloud
 20341 | D:11     | Found the +8 autumn katana {slice, Clar}
 20356 | D:11     | Reached skill level 1 in Ice Magic
 20753 | Orc:1    | Entered Level 1 of the Orcish Mines
 20790 | Orc:1    | Noticed HyperDromedary's ghost (journeyman NaSk)
 20874 | Orc:1    | Offered knowledge of Poison Arrow by Vehumet.
 21294 | Orc:1    | Reached skill level 5 in Ice Magic
 21364 | Orc:1    | Noticed an orc warlord
 21397 | Orc:1    | Found a transporter.
 21414 | Orc:1    | Killed an orc warlord
 21503 | Orc:1    | Noticed an orc warlord
 21522 | Orc:1    | Killed an orc warlord
 21522 | Orc:1    | Reached skill level 13 in Air Magic
 21594 | Orc:1    | Found a transporter.
 21946 | Orc:1    | Got a twitching steel amulet
 21992 | Orc:1    | Identified the amulet of Litianne {Acrobat rF- rC+ Int+3
                  | Stlth+} (You found it on level 1 of the Orcish Mines)
 22038 | Orc:1    | Got an encrusted quarterstaff
 22039 | Orc:1    | Identified the +4 quarterstaff "Kyrchu Worghix" {antimagic,
                  | rElec Str+3 Int+2 Dex-3} (You found it on level 1 of the
                  | Orcish Mines)
 22042 | Orc:1    | Got a bloodstained executioner's axe
 22043 | Orc:1    | Identified the +5 executioner's axe of Neurosis {elec,
                  | rElec rC++ MP-9 Int+3} (You found it on level 1 of the
                  | Orcish Mines)
 22140 | Orc:2    | Entered Level 2 of the Orcish Mines
 22185 | Orc:2    | Offered knowledge of Conjure Ball Lightning by Vehumet.
 22288 | Orc:2    | Found a flickering gateway to a bazaar.
 22341 | Orc:2    | Found a staircase to the Elven Halls.
 22389 | Bazaar   | Entered a bazaar
 22389 | Bazaar   | Found Loehopam's Antique Weapon Boutique.
 22389 | Bazaar   | Found Menat's Armour Shop.
 22389 | Bazaar   | Found Teinutum's Armour Shop.
 22622 | Orc:2    | Reached skill level 14 in Air Magic
 22640 | Orc:2    | Reached skill level 15 in Air Magic
 22646 | Orc:2    | Reached XP level 15. HP: 60/86 MP: 3/34
 22916 | Orc:2    | Reached skill level 16 in Air Magic
 23020 | Orc:2    | Found Tofod's Food Shoppe.
 23024 | Orc:2    | Found Qoir's Food Emporium.
 23039 | Orc:2    | Found Ybras's General Store.
 23044 | Orc:2    | Found Faf Ginn's Jewellery Shoppe.
 23047 | Orc:2    | Bought a potion of heal wounds for 70 gold pieces
 23498 | D:12     | Found Luojiugasch's Pet Rocks.
 23708 | D:12     | Bought a wand of digging (5) for 234 gold pieces
 23739 | D:12     | Found a transporter.
 23739 | D:12     | Noticed Xqipyl's ghost (journeyman GrFE)
 23742 | D:12     | Identified the +11 great mace "Fitoemy" {freeze, rPois}
 23742 | D:12     | Noticed a frost giant
 23747 | D:12     | Found a transporter.
 24644 | D:13     | Reached skill level 17 in Air Magic
 24785 | D:13     | Found a gate to the Vaults.
 25051 | D:13     | Found Foegemau's Gadget Shop.
 25222 | D:13     | Reached skill level 18 in Air Magic
 25343 | Lair:1   | Learned a level 6 spell: Conjure Ball Lightning
 25442 | Lair:5   | Found a staircase to the Slime Pits.
 25442 | Lair:5   | Found a viscous altar of Jiyva.
 25462 | Lair:4   | Identified the amulet "Zastra" {Acrobat rElec Dex+5} (You
                  | acquired it on level 4 of the Lair of Beasts)
 25472 | Lair:4   | Learned a level 3 spell: Regeneration
 25478 | Lair:4   | Got a twitching steel ring
 25480 | Lair:4   | Identified the ring of the Countless Realms {Dex+2 SInv}
                  | (You acquired it on level 4 of the Lair of Beasts)
 25579 | Lair:5   | Reached skill level 1 in Necromancy
 25673 | Lair:5   | Reached ****** piety under Vehumet
 25674 | Lair:5   | Offered knowledge of Bolt of Cold by Vehumet.
 25995 | Lair:6   | Entered Level 6 of the Lair of Beasts
 26334 | Lair:6   | Noticed Rupert
 26628 | Lair:6   | Killed Rupert
 26628 | Lair:6   | Reached skill level 5 in Necromancy
 26971 | Lair:6   | Got a flickering ivory ring
 26973 | Lair:6   | Identified the ring of Fuadeum {rPois rF+ MR+ Str+5 SInv}
                  | (You found it on level 6 of the Lair of Beasts)
 26975 | Lair:6   | Identified the amulet "Builugux" {MR++ Regen+ Dex-5 Slay+6}
                  | (You found it on level 6 of the Lair of Beasts)
 27326 | Lair:6   | Reached XP level 16. HP: 92/92 MP: 15/35
 27553 | D:14     | Found a white marble altar of Elyvilon.
 27928 | D:14     | Noticed Nessos
 27935 | D:14     | Noticed Nessos
 27935 | D:14     | Nessos changed into Nessos the hippogriff
 27938 | D:14     | Killed Nessos the hippogriff
 28371 | D:15     | Entered Level 15 of the Dungeon
 28803 | D:15     | Offered knowledge of Ozocubu's Refrigeration by Vehumet.
 29245 | D:15     | Found a staircase to the Depths.
 29418 | Orc:2    | Bought a book of Enchantments for 700 gold pieces
 29425 | Orc:2    | Learned a level 6 spell: Deflect Missiles
 29744 | Shoals:1 | Entered Level 1 of the Shoals
 30928 | Shoals:2 | Found Isur Der's General Store.
 30997 | Shoals:2 | Offered knowledge of Bolt of Fire by Vehumet.
 31359 | Shoals:2 | Bought a potion of curing for 45 gold pieces
 31512 | Shoals:3 | Mangled by a merfolk impaler

Levels and vault maps discovered:
D:1:      eino_arrival_druids_welcome, layout_basic
D:2:      layout_rooms, grunt_temple_overflow_growth_and_decay,
          dancing_weapons_uskayaw, nicolae_overflow_hidden_temple,
          lemuel_coloured_pillars_altar, minmay_ruptured
D:3:      layout_loops_cross, first_ration, fedhas_ov_isle_minmay
D:4:      layout_basic, old_standard_altar, okawaru_ov_weapons_minmay
D:5:      layout_loops_cross, bloody_trog, basic_altar, uniq_menkaure,
          uniq_pikel
D:6:      layout_gridville, enter_ossuary_5, doesnt_xom_only_xom,
          uniq_blork_the_orc
D:7:      layout_gridville, old_standard_altar, minmay_temple_entry_fiery
D:8:      layout_cave_pods, uniq_harold
D:9:      layout_rooms, chequers_temple_overflow_statue_of_worship
D:10:     layout_cross, hiddenorc2_lemuel, uniq_sonja
D:11:     minmay_box_of_curves, layout_basic, serial_shops, shop_fountains,
          blue_anna_alchemist [blue_anna_fruit_fields, blue_anna_fruit_fields],
          columned_hall_lemuel, st_stairs_9
D:12:     layout_roguey, gammafunk_ghost_smash, guppyfry_shop_earth
D:13:     layout_long_grid, erik_vaults_2, serial_shops, kennysheep_little_box,
          lemuel_old_faithful
D:14:     layout_loops_ring, lemuel_tele_altar, minmay_misc_feat_nine_boxes,
          uniq_nessos
D:15:     grunt_enter_depths_hoard, layout_basic, minmay_misc_feat_room,
          special_room [special_room_bee], chequers_serial_rivers_micro_c
Temple:   nicolae_temple_hex_pool
Lair:1:   layout_gridlike, fungi_pond_lemuel, uniq_erica
Lair:2:   layout_loops_ring, fungi_pond_lemuel
Lair:3:   layout_roguey, minmay_shoals_entry_hut, disabler_island,
          serial_bayou_shore_a
Lair:4:   kb_forest_paths, layout_gridlike, spider_nest_entry_a,
          lemuel_fruit_fields
Lair:5:   layout_cave_shapes, slime_altar_1
Lair:6:   due_jungle_book, layout_loops_ring, uniq_rupert
Shoals:1: layout_shoals
Shoals:2: layout_shoals, serial_shops, shop
Shoals:3: layout_shoals, uniq_ilsuiw, uniq_louise
Orc:1:    layout_caves, gammafunk_ghost_stat_death, minmay_orc_treasury
Orc:2:    st_orc_open, layout_caves, serial_shops, freezing_bzr

Skill      XL: |  1  2  3  4  5  6  7  8  9 10 11 12 13 14 15 16 |
---------------+-------------------------------------------------+-----
Spellcasting   | 3 4 6 8 11 14 | 14.8
Conjurations   | 2 3 5 6 8 9 |  9.0
Shields        | 2 3 |  3.3
Air Magic      | 6 11 12 15 18 | 18.6
Dodging        | 7 8 |  8.9
Charms         | 3 4 |  4.8
Fighting       | 4 5 7 9 |  9.4
Translocations | 3 |  3.0
Staves         | 7 9 |  9.6
Ice Magic      | 5 |  5.4
Necromancy     | 7 |  7.1
Stealth        | |  2.0

Action                   |  1- 3 |  4- 6 |  7- 9 | 10-12 | 13-15 | 16-18 || total
-------------------------+-------+-------+-------+-------+-------+-------++-------
Melee: Unarmed           |     6 |       |     6 |       |       |       ||    12
       Short sword       |    14 |     6 |       |       |       |       ||    20
       Peck              |     4 |     2 |       |    39 |   101 |    13 ||   159
       Kick              |     4 |     1 |    10 |    66 |   149 |    13 ||   243
       Whip              |       |    22 |    20 |    72 |       |       ||   114
       Headbutt          |       |       |       |    42 |   102 |    15 ||   159
       Staff             |       |       |       |   168 |   557 |    72 ||   797
 Cast: Shock             |    84 |    95 |    84 |   173 |       |       ||   436
       Static Discharge  |     3 |    13 |    51 |    57 |     5 |       ||   129
       Airstrike         |       |       |    17 |   105 |   182 |    78 ||   382
       Iskenderun's Batt |       |       |       |    15 |     2 |       ||    17
       Lightning Bolt    |       |       |       |    30 |   160 |    34 ||   224
       Sticky Flame      |       |       |       |     8 |     2 |       ||    10
       Song of Slaying   |       |       |       |     3 |    19 |     3 ||    25
       Freezing Cloud    |       |       |       |       |    20 |     2 ||    22
       Conjure Ball Ligh |       |       |       |       |       |    34 ||    34
       Blink             |       |       |       |       |       |     4 ||     4
       Deflect Missiles  |       |       |       |       |       |     1 ||     1
 Abil: Fly               |       |     1 |       |       |       |       ||     1
Evoke: Wand              |       |     4 |    17 |     7 |     1 |     1 ||    30
  Use: Scroll            |     3 |     7 |     9 |    12 |    20 |     3 ||    54
       Potion            |     1 |     4 |     7 |     8 |     4 |     2 ||    26
 Stab: Sleeping          |       |       |       |     2 |     3 |       ||     5
  Eat: Chunk             |     1 |     5 |     4 |    26 |    39 |     9 ||    84
       Ration            |     1 |     2 |     2 |     6 |     5 |     5 ||    21
Armor: Robe              |    10 |     9 |     6 |    31 |    60 |    12 ||   128
       Skin              |       |    17 |     1 |       |       |       ||    18
Dodge: Dodged            |    49 |    32 |    67 |   241 |   340 |   114 ||   843
       Deflected         |       |       |       |       |       |     6 ||     6
Block: Buckler           |     1 |    12 |    12 |    89 |   122 |    50 ||   286
